AoeStats
← small_rain_111

Nomad

510064759Analyzed
3v3 RM · 5d ago on Sep 29, 2026· 33m 55s· 6 players
Game mode
Random Map
Map size
210×210
Population
200
Speed
Normal
Resources
Standard
Victory
Conquest
Starting age
Dark Age
Ending age
Imperial Age
RankedLock teamsTeams togetherTeam positionsShared explorationLock speedFull tech treeHidden civsTurbo modeCheats
Victory
Defeat
🇨🇳 Spanish · China
1082
+16
🇭🇰 Malay · Hong Kong SAR China
1052
+17
🇹🇼 Ethiopians · Taiwan
1021
+18
🇫🇮 Vikings · Finland
1142
-19
🇬🇧 Magyars · United Kingdom
1058
-16
🇪🇸 Varangians · Spain
1036
-16
small_rain_111
14:45 Feudal Age
14:31 Loom
15:37 Fishing Lines
22:27 Castle Age
20:35 Double-Bit Axe
21:21 Gold Mining
22:45 Bloodlines
23:32 Medium Warships
29:01 Stone Mining
30:52 Bow Saw
33:20 Imperial Age
31:24 Bow Saw
31:38 Horse Collar
34:50 Stone Shaft Mining
code monkey HK
5:38 Loom
16:06 Feudal Age
15:42 Double-Bit Axe
19:44 Horse Collar
20:25 Gold Mining
23:59 Castle Age
22:38 Stone Mining
22:46 Fishing Lines
25:15 Gillnets
26:21 Bow Saw
30:31 Imperial Age
27:43 Pikeman
27:44 Man-at-Arms
30:06 Forced Levy
29:29 Long Swordsman
30:16 Two-Handed Swordsman
30:58 Squires
31:10 Forging
30:52 Fletching
31:50 Wheelbarrow
31:00 Town Watch
32:11 Gold Shaft Mining
31:26 Arson
31:53 Heavy Plow
33:52 Conscription
33:35 Thalassocracy
33:34 Bodkin Arrow
34:20 Stone Shaft Mining
小胖胖
4:58 Loom
13:48 Feudal Age
22:14 Castle Age
20:30 Fishing Lines
21:02 Double-Bit Axe
22:27 Fletching
23:22 Thumb Ring
22:37 Crossbowman
23:44 Padded Archer Armor
27:15 Gillnets
27:51 Bodkin Arrow
alexvolt4
12:44 Loom
Soa
11:20 Loom
13:50 Feudal Age
20:14 Castle Age
19:07 Scale Barding Armor
19:15 Bloodlines
Faceless
5:06 Loom
14:06 Feudal Age
14:57 Double-Bit Axe
17:45 Fletching
19:13 Fishing Lines
24:21 Castle Age
Connection lost

Rejoining the realm…

Still unreachable

The connection could not be restored.

Session expired

The server has moved on; the page needs a fresh start.